 Dungeon Crawl Stone Soup version 0.32-a0-876-gcfddb08e57 (webtiles) character file.

Game seed: 10535025406616321925

67 bmack86 the Shield-Bearer (level 4, 0/58 HPs)
             Began as a Minotaur Fighter on Apr 1, 2024.
             Incinerated by a bombardier beetle (2 damage)
             ... with a burning spray
             ... on level 2 of the Dungeon.
             The game lasted 00:02:21 (697 turns).

bmack86 the Shield-Bearer (Minotaur Fighter)         Turns: 697, Time: 00:02:21

Health: 0/58       AC:  8    Str: 22    XL:     4   Next: 0%
Magic:  3/3        EV:  8    Int:  5    God:
Gold:   65         SH:  4    Dex: 10    Spells: 3/3 levels left

rFire   . . .        a - +0 war axe
rCold   . . .        c - +0 buckler
rNeg    . . .        b - +0 scale mail
rPois   .            (helmet restricted)
rElec   .            (no cloak)
rCorr   +            (no gloves)
SInv    .            h - +0 pair of boots
Will    .....        (no amulet) Stlth
                     j - ring of resist corrosion
HPRegen 0.29/turn    (no ring)
MPRegen 0.08/turn

%: no passive effects
@: berserking, on fire, glowing, very quick
A: horns 2, retaliatory headbutt
a: no special abilities


You were on level 2 of the Dungeon.
You visited 1 branch of the dungeon, and saw 2 of its levels.

You collected 65 gold pieces.

Inventory:

Hand Weapons
 a - a +0 war axe (weapon)
Armour
 b - a +0 scale mail (worn)
 c - a +0 buckler (worn)
 h - a +0 pair of boots (worn)
Jewellery
 j - a ring of resist corrosion (left hand)
 l - an amulet of magic regeneration
Scrolls
 k - a scroll of amnesia {unknown}
 m - a scroll of fog {unknown}
Potions
 d - a potion of might
 g - a potion of enlightenment {unknown}
 i - a potion of lignification {unknown}


   Skills:
 - Level 3.6 Fighting
 + Level 4.0 Axes
 - Level 3.6 Armour
 - Level 5.0 Shields


You had 3 spell levels left.
You didn't know any spells.
Your spell library was empty.

Dungeon Overview and Level Annotations

Branches:
Dungeon (2/15)

Altars:


Innate Abilities, Weirdness & Mutations

You have a pair of horns on your head.
You reflexively headbutt those who attack you in melee.


Message History

The bombardier beetle is lightly wounded.
The liquid fire burns you!
You hit the bombardier beetle. You headbutt the bombardier beetle.
The bombardier beetle is heavily wounded.
You slash the hobgoblin!
You kill the hobgoblin!
The liquid fire burns you!
* * * LOW HITPOINT WARNING * * *
The bombardier beetle bites you.
* * * LOW HITPOINT WARNING * * *
It was a potion of curing.
You feel better. The liquid fire burns you!
* * * LOW HITPOINT WARNING * * *
The kobold hits you with a +0 dagger.
* * * LOW HITPOINT WARNING * * *
The bombardier beetle sprays incendiary fluid at you.
The burning spray hits you.
You are even more covered in liquid fire!
You feel better. The liquid fire burns you! You block the kobold's attack.
You slash the bombardier beetle!
You kill the bombardier beetle!
You slash the kobold!
You kill the kobold!
The liquid fire burns you!
* * * LOW HITPOINT WARNING * * *
Training target 5.0 for Shields reached!
Your Axes skill increases to level 4!
Your Shields skill increases to level 5!
You have reached level 4!
You feel agile.
You shake off some of the fire as you move.
The liquid fire burns you!
* * * LOW HITPOINT WARNING * * *
It was a potion of berserk rage.
A red film seems to cover your vision as you go berserk!
You feel yourself moving faster!
You feel mighty! The liquid fire burns you!
You die...

#.##### ... #.....[
...###### #..####
........##### #..#
............# #..#
............# #..####
#...........# #...<..
#.....).....# #.#####
......†.@..#
######.#....
..#####..†.#
#......#.##. #####....#
#....(......
#........###########.##
#......................
#...............####.##
#.........###..........
##+#####...$#.#.####.#.
#.>..#.#....#.#.


There were no monsters in sight!

Vanquished Creatures
  A bombardier beetle (D:2)
  2 dart slugs
  4 endoplasms (D:1)
  2 giant cockroaches (D:1)
  2 goblins (D:1)
  3 hobgoblins
  2 jackals (D:1)
  3 quokkas (D:1)
  2 ball pythons
  2 bats (D:1)
  A kobold (D:2)
  2 rats (D:1)
26 creatures vanquished.

Notes
Turn   | Place    | Note
-------+----------+-------------------------------------------
     0 | D:1      | bmack86 the Minotaur Fighter began the quest for the Orb.
     0 | D:1      | Reached XP level 1. HP: 19/19 MP: 0/0
   111 | D:1      | Reached skill level 4 in Shields
   157 | D:1      | Reached XP level 2. HP: 25/26 MP: 1/1
   474 | D:1      | Found a faded altar of an unknown god.
   637 | D:2      | Reached XP level 3. HP: 31/31 MP: 2/2
   696 | D:2      | Reached skill level 5 in Shields
   696 | D:2      | Reached XP level 4. HP: 4/39 MP: 3/3
   696 | D:2      | HP: 1/39 [burnt (3)]
   697 | D:2      | Incinerated by a bombardier beetle

Illustrated notes

Levels and vault maps discovered:
D:1:      onia_arrival_pyramid, layout_rooms, nicolae_ecumenical_lake_church,
          minmay_ruptured
D:2:      layout_basic, minmay_tromino_v4_b

Skill      XL: |  1  2  3 |
---------------+----------+-----
Shields        | 4 5 |  5.0
Axes           | 3 4 |  4.0
Fighting       | |  3.6
Armour         | |  3.6

Action                     |  1- 3 |  4- 6 || total
---------------------------+-------+-------++-------
  Melee: War axe           |    40 |       ||    40
         Headbutt          |     6 |       ||     6
    Use: Potion            |     2 |     1 ||     3
 Armour: Scale mail        |    43 |       ||    43
  Dodge: Dodged            |    22 |       ||    22
  Block: Buckler           |    14 |       ||    14

Table legend: (Time is in decaauts)
 A = Elapsed time spent in this place.
 B = Non-inter-level travel time spent in this place.
 C = Inter-level travel time spent in this place.
 D = Time resting spent in this place.
 E = Time spent auto-exploring this place.
 F = Levels seen in this place.
 G = Mean time per level.
                   A        B        C        D        E       F      G
               +--------+--------+--------+--------+--------+-----+--------+
         Total |    712 |    677 |     35 |      0 |    433 |   2 |  356.0 |
       Dungeon |    712 |    677 |     35 |      0 |    433 |   2 |  356.0 |
               +--------+--------+--------+--------+--------+-----+--------+

Top non-repeatable levels by time:
     D:1: 643 daAuts
     D:2: 69 daAuts
